 Dungeon Crawl Stone Soup version 0.28.0-53-g5a82cb258f (webtiles) character file.

Game seed: 13966497728385757991

5762 pkoi the Martial Artist (level 10, 0/64 (69) HPs)
             Began as a Demigod Venom Mage on May 31, 2022.
             Slain by a wight
             ... wielding a +3 battleaxe
              (2 damage)
             ... on level 7 of the Dungeon.
             The game lasted 00:23:38 (16829 turns).

pkoi the Martial Artist (Demigod Venom Mage)       Turns: 16829, Time: 00:23:38

HP:   0/64 (69)     AC:  7    Str:  9    XL:     10   Next: 25%
MP:   18/19         EV: 14    Int: 29    God:
Gold: 720           SH:  0    Dex: 21    Spells: 6/16 levels left

rFire   . . .      SeeInvis .   x - +5 flail (holy)
rCold   . . .      Faith    .   (no shield)
rNeg    . . .      Spirit   .   j - +1 robe "Ofroety" {Dex+7}
rPois   .          Reflect  .   z - +0 helmet
rElec   .          Harm     .   n - +0 cloak
rCorr   .          Rampage  .   (no gloves)
Will    +....                   d - +1 pair of boots
Stlth   ++........              b - amulet of regeneration
HPRegen 1.00/turn               (no ring)
MPRegen 0.16/turn               (no ring)

@: drained
A: high MP 1, forlorn, divine attributes
a: no special abilities


You were on level 7 of the Dungeon.
You visited 2 branches of the dungeon, and saw 9 of its levels.
You also visited: Bailey.

You collected 720 gold pieces.

Inventory:

Hand Weapons
 p - a +3 dagger of flaming
 v - a +0 dagger of venom
 x - a +5 flail of holy wrath (weapon)
 y - a +6 short sword
Missiles
 h - 2 boomerangs of dispersal
Armour
 d - a +1 pair of boots (worn)
 j - the +1 robe "Ofroety" (worn) {Dex+7}
   (You found it on level 2 of the Dungeon)

   Dex:       It affects your dexterity (+7).
 n - a +0 cloak (worn)
 q - a +1 robe of willpower
 z - a +0 helmet (worn)
Magical Staves
 r - a staff of conjuration
Jewellery
 b - an amulet of regeneration (around neck)
Wands
 g - a wand of flame (46)
 w - a wand of iceblast (20)
Scrolls
 a - a scroll of enchant armour
 e - a scroll of identify
 B - a scroll of holy word
Potions
 c - 2 potions of resistance {unknown}
 f - 3 potions of might {unknown}
 i - 2 potions of brilliance
 k - 2 potions of ambrosia
 l - a potion of haste
 m - a potion of attraction
 o - 2 potions of lignification
 s - 6 potions of flight
 t - a potion of curing
 u - 2 potions of heal wounds {unknown}


   Skills:
 - Level 2.0 Armour
 - Level 4.0 Dodging
 - Level 1.7 Stealth
 + Level 9.7 Unarmed Combat
 + Level 3.9 Spellcasting
 + Level 4.1 Conjurations
 + Level 2.8 Transmutations
 - Level 3.0 Air Magic
 - Level 7.0 Poison Magic
 + Level 1.4 Evocations


You had 6 spell levels left.
You knew the following spells:

 Your Spells              Type           Power      Damage    Failure   Level
a - Sting                 Tmut/Pois      100%       1d8       1%          1
b - Poisonous Vapours     Pois/Air       68%        N/A       1%          2
c - Mephitic Cloud        Conj/Pois/Air  33%        N/A       3%          3
d - Olgreb's Toxic Radia  Pois           46%        N/A       4%          4

Your spell library contained the following spells:

 Spells                   Type           Power      Damage    Failure   Level
 Call Canine Familiar     Summ           5%         N/A       22%         3
 Portal Projectile        Hex/Tloc       10%        N/A       22%         3
 Leda's Liquefaction      Hex/Erth       2%         N/A       56%         4


Dungeon Overview and Level Annotations

Branches:
Dungeon (8/15)             Temple (1/1) D:6            Lair (0/6) D:8
 Bailey (visited)

Shops:
D:5 *

Annotations:
D:3 3 runed translucent doors, safid's ghost, amateur HOFi
D:4 3 runed translucent doors, Zeld's ghost, amateur DECj
D:7 1 runed translucent door, greasedhog's ghost, novice FoFi
D:8 3 runed translucent doors, Holdthepickle's ghost, novice MiBe; Zeld's ghost, novice DrTm; Zeld's ghost, novice GrEE; pkoi's ghost, novice DgAE


Innate Abilities, Weirdness & Mutations

You have an increased reservoir of magic. (+10% MP)
You shall have no god before yourself.
Your divine heritage dramatically boosts your attributes as you level up.


Message History

The wight barely misses you.
You barely miss the wight.
The wight is heavily damaged.
The wight misses you.
You hit the wight but do no damage.
The wight is heavily damaged.
The wight hits you with a +3 battleaxe.
* * * LOW HITPOINT WARNING * * *
You feel drained.
* * * LOW HITPOINT WARNING * * *
The wight misses you.
You closely miss the wight.
The wight is heavily damaged.
The wight misses you.
Unknown command.
There is a stone staircase leading up here.
The wight completely misses you.
You climb upwards.
Level annotation: 1 runed translucent door, greasedhog's ghost, novice FoFi
There is a stone staircase leading down here.
Unknown command.
Unknown command.
You closely miss the wight. You punch the wight.
The wight is heavily damaged.
The wight completely misses you. The wight hits you with a +3 battleaxe!
* * * LOW HITPOINT WARNING * * *
You hit the wight.
The wight convulses.
The wight is almost destroyed.
The wight hits you with a +3 battleaxe.
* * * LOW HITPOINT WARNING * * *
You barely miss the wight.
The wight is almost destroyed.
The wight hits you with a +3 battleaxe!
* * * LOW HITPOINT WARNING * * *
You closely miss the wight.
The wight is almost destroyed.
The wight hits you with a +3 battleaxe!
* * * LOW HITPOINT WARNING * * *
You feel drained.
You die...

...####..####....................
...#..##..###...........≈≈≈≈≈≈≈..
...#...##..######.......≈####≈≈..
...###'##..##...........≈#>.#≈≈..
...# #.#..######.......)≈#..'≈(..
...# ##...######........≈#..'≈≈.#
...####..†..#.###.......≈#..')≈.#
##.##≈'.....#.#z[.......≈#∩)#≈≈.#
...####....##...@.......≈####≈≈.#
...###########..........≈≈≈≈≈≈≈.#
......######.#[..)..............#
......##...#......)......########
......##.#.#...##(.......#
.........#.#.#[##........#
.............#...#########
.........#.#####(#
.........#.......########


You could see a wight.

Vanquished Creatures
  Pikel (D:6)
  2 orc knights (Bailey)
  Grinder (D:5)
  Sigmund (D:5)
  A yak (D:8)
  A steam dragon (D:6)
  Edmund (D:4)
  A water moccasin (D:6)
  An ice beast (D:6)
  7 orc warriors
  A black bear (D:8)
  3 necrophages
  2 centaurs
  3 bullfrogs
  6 scorpions
  A wyvern skeleton (D:7)
  6 killer bees
  9 wights
  2 howler monkeys (D:7)
  2 centaur zombies
  A bullfrog zombie (D:5)
  2 orc priests (D:6)
  3 hounds
  Crazy Yiuf (D:2)
  4 jellies
  2 bullfrog skeletons (D:6)
  2 iguanas
  Jessica (D:3)
  Ijyb (D:3)
  5 orc wizards (D:6)
  A killer bee zombie (D:8)
  A hound skeleton (D:4)
  8 gnolls
  4 adders
  A howler monkey skeleton (D:4)
  A shadow imp (D:5)
  2 white imps
  An ufetubus (D:3)
  An adder skeleton (D:4)
  2 worms (D:2)
  5 dart slugs
  34 orcs
  3 bats
  11 endoplasms
  3 giant cockroaches
  10 goblins
  12 hobgoblins
  10 jackals
  A quokka (D:2)
  5 ball pythons
  5 frilled lizards
  19 kobolds
  10 rats
224 creatures vanquished.

Vanquished Creatures (others)
  14 fungi (D:8)
  4 plants (D:8)
  2 withered plants (D:8)
20 creatures vanquished.

Grand Total: 244 creatures vanquished

Notes
Turn   | Place    | Note
-------+----------+-------------------------------------------
     0 | D:1      | pkoi the Demigod Venom Mage began the quest for the Orb.
     0 | D:1      | Reached XP level 1. HP: 14/14 MP: 5/5
   356 | D:1      | Reached skill level 1 in Unarmed Combat
   570 | D:1      | Reached XP level 2. HP: 20/20 MP: 2/7
   997 | D:1      | Learned a level 2 spell: Poisonous Vapours
  1966 | D:2      | Reached skill level 1 in Air Magic
  2071 | D:2      | Reached XP level 3. HP: 26/26 MP: 3/8
  3111 | D:2      | Found a runed translucent door.
  3112 | D:2      | Noticed Crazy Yiuf
  3590 | D:2      | Identified the +1 robe "Ofroety" {Dex+7}
  3936 | D:2      | Reached XP level 4. HP: 33/33 MP: 7/9
  4541 | D:2      | Killed Crazy Yiuf
  4984 | D:3      | Learned a level 3 spell: Mephitic Cloud
  5091 | D:3      | Found a runed translucent gate.
  5092 | D:3      | Found a runed translucent gate.
  5093 | D:3      | Found a runed translucent gate.
  5094 | D:3      | Noticed safid's ghost (amateur HOFi)
  5232 | D:3      | Reached XP level 5. HP: 38/38 MP: 8/10
  5323 | D:3      | Noticed Ijyb
  5336 | D:3      | Killed Ijyb
  5841 | D:3      | Noticed Jessica
  5858 | D:3      | Killed Jessica
  6424 | D:4      | Noticed a necrophage
  6553 | D:4      | Found a runed translucent gate.
  6553 | D:4      | Found a runed translucent gate.
  6553 | D:4      | Found a runed translucent gate.
  6554 | D:4      | Noticed Zeld's ghost (amateur DECj)
  7025 | D:4      | Reached skill level 1 in Conjurations
  7304 | D:4      | Reached XP level 6. HP: 38/45 MP: 6/12
  7833 | D:4      | Reached skill level 2 in Unarmed Combat
  7833 | D:4      | Reached skill level 5 in Poison Magic
  8394 | D:5      | Entered Level 5 of the Dungeon
  8640 | D:5      | Reached skill level 1 in Armour
  8640 | D:5      | Reached XP level 7. HP: 50/50 MP: 6/14
  8697 | D:5      | Learned a level 4 spell: Olgreb's Toxic Radiance
  8786 | D:5      | Noticed Grinder
  8870 | D:5      | Noticed Edmund
  8907 | D:4      | Killed Edmund
  9080 | D:5      | Noticed Sigmund
  9107 | D:5      | Paralysed by Grinder for 7 turns
  9118 | D:5      | Killed Sigmund
  9268 | D:5      | Killed Grinder
  9269 | D:5      | Reached skill level 3 in Unarmed Combat
  9412 | D:5      | Reached XP level 8. HP: 44/57 MP: 8/15
  9665 | D:5      | Found Rydezan's Gadget Gallery.
 10567 | D:6      | Noticed Pikel
 10589 | D:6      | Killed Pikel
 10590 | D:6      | Reached skill level 5 in Unarmed Combat
 11151 | D:6      | Reached skill level 6 in Unarmed Combat
 11151 | D:6      | Reached XP level 9. HP: 62/62 MP: 9/16
 12090 | D:6      | Found the +7 staff of the Meek {protect, meekguard}
 12244 | D:6      | Reached skill level 7 in Unarmed Combat
 12440 | D:6      | Found a staircase to the Ecumenical Temple.
 12732 | Temple   | Entered the Ecumenical Temple
 12951 | D:7      | Found a runed translucent door.
 13100 | D:7      | Reached skill level 8 in Unarmed Combat
 13197 | D:7      | Noticed greasedhog's ghost (novice FoFi)
 13227 | D:7      | Found a flagged portal.
 13237 | Bailey   | Entered a bailey
 13441 | Bailey   | Noticed an orc knight
 14034 | Bailey   | Killed an orc knight
 14035 | Bailey   | Reached skill level 9 in Unarmed Combat
 14072 | Bailey   | Noticed an orc knight
 14106 | Bailey   | Reached skill level 1 in Transmutations
 14113 | Bailey   | Killed an orc knight
 14542 | Bailey   | Reached XP level 10. HP: 59/69 MP: 6/18
 16232 | D:8      | Reached skill level 1 in Evocations
 16279 | D:8      | Found a staircase to the Lair.
 16662 | D:8      | Found a runed translucent gate.
 16665 | D:8      | Found a runed translucent gate.
 16665 | D:8      | Found a runed translucent gate.
 16665 | D:8      | Noticed pkoi's ghost (novice DgAE)
 16665 | D:8      | Noticed Zeld's ghost (novice DrTm)
 16665 | D:8      | Noticed Zeld's ghost (novice GrEE)
 16665 | D:8      | Noticed Holdthepickle's ghost (novice MiBe)
 16829 | D:7      | HP: 2/66 [wight/+3 battleaxe (16)]
 16829 | D:7      | Slain by a wight

Illustrated notes

Levels and vault maps discovered:
D:1:      heliophobic_arrival_enchanted_forest, layout_basic,
          dreamdust_ecumenical_altar_grove, serial_aquarium,
          aquarium_bridge_straight [aquarium_subvault_bridge,
          aquarium_subvault_wall, aquarium_subvault_bridge,
          aquarium_subvault_balcony], aquarium_bridge_straight
          [aquarium_subvault_bridge, aquarium_subvault_window,
          aquarium_subvault_bridge, aquarium_subvault_balcony],
          aquarium_window_fake, aquarium_window_1, aquarium_view_2d,
          aquarium_view_2e, aquarium_balcony_3b
D:2:      layout_loops_ring, minmay_crystal_water, minmay_diced_spiral,
          uniq_crazy_yiuf_cottage
D:3:      layout_basic, lemuel_tele_altar, mainiacjoe_overflow_surrounded_room,
          gammafunk_ghost_split, uniq_jessica, uniq_ijyb
D:4:      minmay_chambers_of_threes, layout_basic,
          nicolae_overflow_crystal_walls, ebering_ghost_rock_garden
D:5:      layout_loops_cross, eat_drink_and_be_merry_uskayaw,
          nicolae_shop_gadgets, uniq_sigmund, uniq_edmund, uniq_grinder
D:6:      layout_basic, lemuel_round_altar, minmay_temple_entry_nine_rooms,
          pf_guarded_unrand_meek, uniq_pikel
D:7:      layout_basic, enter_bailey_4, ebering_ghost_reflecting_pool,
          minmay_misc_feat_hallway, lightli_orcish_oven
D:8:      layout_basic, grunt_lair_entry_orc_guard_hut, gammafunk_ghost_cemetery
Temple:   regret_index_temple_waves

Skill      XL: |  1  2  3  4  5  6  7  8  9 10 |
---------------+-------------------------------+-----
Unarmed Combat | 1 2 3 6 9 |  9.7
Poison Magic   | 3 4 5 7 |  7.0
Air Magic      | 1 2 3 |  3.0
Spellcasting   | 2 3 |  3.9
Conjurations   | 1 2 3 4 |  4.1
Dodging        | 2 3 4 |  4.0
Armour         | 1 2 |  2.0
Transmutations | 2 |  2.8
Evocations     | 1 |  1.4
Stealth        | |  1.7

Action                   |  1- 3 |  4- 6 |  7- 9 | 10-12 || total
-------------------------+-------+-------+-------+-------++-------
Melee: Dagger            |     8 |    49 |     3 |       ||    60
       Staff             |       |     8 |       |       ||     8
       Punch             |       |     2 |     5 |     8 ||    15
       Flail             |       |       |    69 |    53 ||   122
 Cast: Sting             |    98 |   133 |   126 |    35 ||   392
       Poisonous Vapours |       |    17 |    81 |    23 ||   121
Evoke: Wand              |       |       |     6 |    16 ||    22
  Use: Scroll            |     3 |     6 |     6 |     3 ||    18
 Stab: Sleeping          |       |     1 |       |       ||     1
Armor: Robe              |     6 |    24 |    56 |     7 ||    93
Dodge: Dodged            |    37 |    80 |   137 |    46 ||   300
